AoeStats
← CrazyBen

MegaRandom

507048035Analyzed
4v4 RM · 16d ago on Sep 16, 2026· 32m 31s· 8 players
Game mode
Random Map
Map size
Large (8 player)
Population
200
Speed
Normal
Resources
Standard
Victory
Conquest
Starting age
Dark Age
Ending age
Imperial Age
RankedLock teamsTeams togetherTeam positionsShared explorationLock speedFull tech treeHidden civsTurbo modeCheats
Victory
Defeat
🇹🇼 Magyars · Taiwan
1419
+15
🇭🇰 Spanish · Hong Kong SAR China
1404
+16
1341
+18
🇭🇰 Vietnamese · Hong Kong SAR China
1321
+19
🇭🇰 Khmer · Hong Kong SAR China
1496
-21
🇫🇷 Saracens · France
1462
-20
🇨🇳 Maya · China
1319
-14
🇧🇷 Britons · Brazil
1306
-13
phlui1122
4:59 Loom
10:00 Feudal Age
10:57 Loom
13:46 Castle Age
11:45 Double-Bit Axe
13:56 Gold Mining
15:09 Bow Saw
20:44 Horse Collar
21:51 Husbandry
23:22 Bloodlines
24:31 Padded Archer Armor
25:18 Wheelbarrow
25:44 Heavy Plow
25:32 Town Watch
25:59 Stone Mining
33:03 Imperial Age
32:14 Leather Archer Armor
32:08 Light Cavalry
沒起房子我日
2:29 Loom
3:35 Loom
9:39 Feudal Age
13:50 Castle Age
12:05 Double-Bit Axe
12:03 Fishing Lines
13:33 Horse Collar
14:25 Light Cavalry
15:50 Husbandry
18:20 Scale Barding Armor
19:53 Wheelbarrow
20:52 Bow Saw
20:43 Heavy Plow
21:01 Town Watch
24:08 Bloodlines
25:13 Gold Mining
25:52 Hand Cart
25:28 Gillnets
29:56 Imperial Age
27:39 Fletching
28:27 Thumb Ring
28:18 Bodkin Arrow
28:25 Padded Archer Armor
28:50 Ballistics
30:34 Leather Archer Armor
31:03 Bracer
32:05 Chemistry
31:39 Parthian Tactics
32:32 Ring Archer Armor
32:15 Stone Mining
33:01 Gold Shaft Mining
32:30 Heavy Cavalry Archer
Shadow O.o
8:22 Loom
10:14 Feudal Age
11:02 Double-Bit Axe
12:00 Fishing Lines
15:03 Castle Age
12:50 Horse Collar
14:40 Fletching
17:56 Padded Archer Armor
18:24 Scale Mail Armor
19:05 Bow Saw
20:06 Bodkin Arrow
19:34 Crossbowman
21:31 Bodkin Arrow
23:40 Wheelbarrow
23:15 Thumb Ring
24:56 Squires
26:20 Hand Cart
27:19 Chain Mail Armor
29:49 Town Watch
30:04 Gold Mining
电脑人-偷家鸡鸡短三寸-
3:03 Loom
9:45 Feudal Age
14:37 Castle Age
13:22 Double-Bit Axe
13:42 Fishing Lines
17:44 Wheelbarrow
17:25 Medium Warships
18:03 Gillnets
19:56 Bow Saw
23:53 Clinker Construction
24:58 Careening
27:38 Gold Mining
33:40 Imperial Age
32:17 Gold Shaft Mining
32:22 Horse Collar
onon02122
3:00 Loom
9:38 Feudal Age
13:21 Castle Age
11:23 Gold Mining
13:35 Double-Bit Axe
14:27 Bow Saw
15:01 Horse Collar
18:24 Town Watch
20:06 Fishing Lines
20:48 Husbandry
20:58 Bloodlines
CrazyBen
3:34 Loom
9:45 Feudal Age
13:55 Castle Age
12:12 Double-Bit Axe
13:02 Horse Collar
14:03 Gold Mining
17:24 Scale Barding Armor
19:11 Chain Barding Armor
20:56 Husbandry
32:17 Bloodlines
不会进攻
3:29 Loom
12:09 Feudal Age
12:38 Double-Bit Axe
18:41 Castle Age
17:33 Scale Mail Armor
17:44 Forging
19:48 Squires
20:42 Wheelbarrow
24:03 Fletching
24:13 Padded Archer Armor
26:42 Bodkin Arrow
26:53 Crossbowman
28:53 Padded Archer Armor
29:41 Ballistics
29:58 Leather Archer Armor
31:20 Horse Collar
grain8720
10:53 Feudal Age
12:10 Loom
14:33 Castle Age
13:58 Double-Bit Axe
15:36 Bow Saw
15:16 Loom
15:50 Medium Warships
18:36 Fletching
19:51 Wheelbarrow
20:12 Bodkin Arrow
20:55 Stone Mining
21:29 Horse Collar
22:36 Heavy Plow
23:30 Ballistics
26:54 Gold Mining
29:20 Gold Shaft Mining
29:55 Yeomen
34:52 Imperial Age
Connection lost

Rejoining the realm…

Still unreachable

The connection could not be restored.

Session expired

The server has moved on; the page needs a fresh start.